 Dungeon Crawl Stone Soup version 0.32-a0-312-g1d7162e751 (webtiles) character file.

Game seed: 6694882227727173080

326 Essalna the Gusty (level 6, -14/32 HPs)
             Began as a Deep Elf Air Elementalist on Feb 15, 2024.
             Was an Initiate of Vehumet.
             Demolished by an ogre
             ... wielding a +0 giant club
              (35 damage)
             ... on level 4 of the Dungeon.
             The game lasted 00:05:22 (3253 turns).

Essalna the Gusty (Deep Elf Air Elementalist)       Turns: 3253, Time: 00:05:22

Health: -14/32     AC:  4    Str:  5    XL:     6   Next: 24%
Magic:  17/24      EV: 12    Int: 22    God:    Vehumet [......]
Gold:   184        SH:  0    Dex: 15    Spells: 11/15 levels left

rFire   . . .        t - +1 dagger (venom)
rCold   . . .        (no shield)
rNeg    . . .        a - +0 robe
rPois   .            (no helmet)
rElec   .            (no cloak)
rCorr   .            g - +0 pair of gloves
SInv    .            j - +0 pair of boots
Will    .....        (no amulet)
Stlth   ++           h - ring of magical power
HPRegen 0.25/turn    (no ring)
MPRegen 0.19/turn

%: no passive effects
@: swift, quick
A: no striking features
a: Renounce Religion


You were on level 4 of the Dungeon.
You worshipped Vehumet.
Vehumet was noncommittal.
You visited 2 branches of the dungeon, and saw 5 of its levels.

You collected 184 gold pieces.

Inventory:

Hand Weapons
 c - a +0 dagger
 t - a +1 dagger of venom (weapon)
Armour
 a - a +0 robe (worn)
 g - a +0 pair of gloves (worn)
 j - a +0 pair of boots (worn)
Jewellery
 h - a ring of magical power (left hand)
Scrolls
 e - 2 scrolls of fear {unknown}
 f - a scroll of amnesia {unknown}
 i - a scroll of poison {unknown}
 l - a scroll of revelation {unknown}
 m - 2 scrolls of enchant armour {unknown}
 n - a scroll of enchant weapon {unknown}
 o - a scroll of brand weapon {unknown}
 s - 2 scrolls of identify {unknown}
 u - a scroll of vulnerability {unknown}
Potions
 b - a potion of magic
 d - 2 potions of curing
 k - 2 potions of might {unknown}
 p - a potion of haste {unknown}
 q - a potion of enlightenment {unknown}
 r - 2 potions of attraction {unknown}


   Skills:
 - Level 2.4 Dodging
 - Level 2.4 Stealth
 - Level 5.0 Spellcasting
 + Level 4.3 Conjurations
 + Level 5.4 Air Magic


You had 11 spell levels left.
You knew the following spells:

 Your Spells              Type           Power      Damage    Failure   Level
a - Shock                 Conj/Air       100%       1d9       1%          1
b - Swiftness             Air            29%        N/A       3%          3

Your spell library contained the following spells:

 Spells                   Type           Power      Damage    Failure   Level
 Static Discharge         Conj/Air       54%        3-6/arc   1%          2
 Airstrike                Air            14%        2d(3-19)  11%         4
 Leda's Liquefaction      Alch/Erth      2%         N/A       69%         4
 Lee's Rapid Deconstruct  Erth           2%         3d5*      95%         5
 Bombard                  Conj/Erth      7%         9d2       99%         6


Dungeon Overview and Level Annotations

Branches:
Dungeon (4/15)             Temple (1/1) D:4

Altars:
Ashenzari
Elyvilon
Fedhas
Gozag
Hepliaklqana
Kikubaaqudgha
Makhleb
Qazlal
Ru
Trog
Uskayaw
Vehumet
Wu Jian
Xom
Yredelemnul
Zin
The Shining One


Message History

Confirm with . or Enter, or press ? or * to list all spells.
You feel quick.
Casting: Swiftness (dangerous; 3% risk of failure)
Confirm with . or Enter, or press ? or * to list all spells.
Aiming: Shock (safe; 1% risk of failure)
Press: ? - help, Shift-Dir - straight line, f - ogre
Aim: an ogre, wielding a +0 giant club (88% to hit)
The zap misses the ogre.
The ogre barely misses you.
Casting: Shock (safe; 1% risk of failure)
Confirm with . or Enter, or press ? or * to list all spells.
Aiming: Shock (safe; 1% risk of failure)
Press: ? - help, Shift-Dir - straight line, f/p - ogre
Aim: an ogre, wielding a +0 giant club (88% to hit)
The zap hits the ogre!
The ogre is moderately wounded.
The ogre completely misses you.
Casting: Shock (safe; 1% risk of failure)
Confirm with . or Enter, or press ? or * to list all spells.
Aiming: Shock (safe; 1% risk of failure)
Press: ? - help, Shift-Dir - straight line, f/p - ogre
Aim: an ogre, wielding a +0 giant club (moderately wounded, 88% to hit)
The zap hits the ogre.
The ogre is heavily wounded.
Casting: Shock (safe; 1% risk of failure)
Confirm with . or Enter, or press ? or * to list all spells.
Aiming: Shock (safe; 1% risk of failure)
Press: ? - help, Shift-Dir - straight line, f/p - ogre
Aim: an ogre, wielding a +0 giant club (heavily wounded, 88% to hit)
The zap hits the ogre!
The ogre is almost dead.
The ogre hits you with a +0 giant club!
Casting: Shock (safe; 1% risk of failure)
Confirm with . or Enter, or press ? or * to list all spells.
Aiming: Shock (safe; 1% risk of failure)
Press: ? - help, Shift-Dir - straight line, f/p - ogre
Aim: an ogre, wielding a +0 giant club (almost dead, 88% to hit)
The zap misses the ogre.
The ogre hits you with a +0 giant club!!
Ouch! That really hurt!
You die...

..).....###+#######............≈≈
.)).....#........................
'######+#...............O.####...
...................####..........
...................# #..........
...........[.......# #..........
.........B.........####..........
...##'###############....#+##....
...#........#..O@..)#....'..+....
...+....†...'.......#<...#..#....
...#..##.####..##...#...)####....
...##+##.########...##....)......
...#.................#...........
...#.................#...........
#.................#...........
###############...#...........
###############.


You could see an ogre.

Vanquished Creatures
  3 orc priests
  2 orc wizards (D:4)
  A gnoll (D:1)
  2 adders
  3 dart slugs
  A ribbon worm (D:3)
  10 orcs
  5 bats
  7 endoplasms
  4 giant cockroaches
  12 goblins
  5 hobgoblins
  3 jackals (D:2)
  7 kobolds
  3 quokkas (D:2)
  5 ball pythons
  3 frilled lizards (D:3)
  5 rats
81 creatures vanquished.

Notes
Turn   | Place    | Note
-------+----------+-------------------------------------------
     0 | D:1      | Essalna the Deep Elf Air Elementalist began the quest for
                  | the Orb.
     0 | D:1      | Reached XP level 1. HP: 10/10 MP: 6/6
   138 | D:1      | Reached XP level 2. HP: 15/15 MP: 2/8
   471 | D:1      | Reached XP level 3. HP: 19/19 MP: 10/10
   496 | D:1      | Learned a level 3 spell: Swiftness
  1145 | D:2      | Reached XP level 4. HP: 24/24 MP: 12/12
  1661 | D:2      | Reached XP level 5. HP: 28/28 MP: 14/14
  2048 | D:3      | Reached skill level 5 in Spellcasting
  2228 | D:3      | Found a blossoming altar of Fedhas.
  2460 | D:3      | Found a white marble altar of Elyvilon.
  2517 | D:3      | Found a basalt altar of Yredelemnul.
  2752 | D:4      | Reached skill level 5 in Air Magic
  2780 | D:4      | Reached XP level 6. HP: 29/32 MP: 14/15
  3022 | D:4      | Found a staircase to the Ecumenical Temple.
  3050 | Temple   | Entered the Ecumenical Temple
  3058 | Temple   | Became a worshipper of Vehumet
  3253 | D:4      | Demolished by an ogre

Illustrated notes

Levels and vault maps discovered:
D:1:      lightli_arrival_windingriver, layout_rooms, hex_intersection,
          dk_noncrumbling_2
D:2:      layout_loops_ring, hangedman_decor_slide_cut, minmay_distorted
D:3:      layout_basic, kennysheep_ying_yang, fedhas_ov_isle_minmay
D:4:      layout_gridville, temple_pool_b, minmay_manual_mares
Temple:   eino_temple_lava

Skill      XL: |  1  2  3  4  5 |
---------------+----------------+-----
Conjurations   | 2 3 4 |  4.3
Spellcasting   | 4 5 |  5.0
Air Magic      | 4 5 |  5.4
Dodging        | |  2.4
Stealth        | |  2.4

Action                     |  1- 3 |  4- 6 || total
---------------------------+-------+-------++-------
  Melee: Dagger            |       |     2 ||     2
   Cast: Shock             |    51 |   110 ||   161
         Swiftness         |       |     2 ||     2
    Use: Potion            |       |     1 ||     1
 Armour: Robe              |     3 |    18 ||    21
  Dodge: Dodged            |     4 |     8 ||    12

Table legend: (Time is in decaauts)
 A = Elapsed time spent in this place.
 B = Non-inter-level travel time spent in this place.
 C = Inter-level travel time spent in this place.
 D = Time resting spent in this place.
 E = Time spent auto-exploring this place.
 F = Levels seen in this place.
 G = Mean time per level.
                   A        B        C        D        E       F      G
               +--------+--------+--------+--------+--------+-----+--------+
         Total |   3251 |   3143 |    108 |      0 |   2719 |   5 |  650.2 |
       Dungeon |   3234 |   3133 |    101 |      0 |   2719 |   4 |  808.5 |
        Temple |     16 |      9 |      7 |      0 |      0 |   1 |   16.0 |
               +--------+--------+--------+--------+--------+-----+--------+

Top non-repeatable levels by time:
     D:2: 1067 daAuts
     D:1: 850 daAuts
     D:3: 714 daAuts
     D:4: 602 daAuts
  Temple: 16 daAuts
